 Dungeon Crawl Stone Soup version 0.20-a0-833-gc632bec (webtiles) character file.

353020 Firecrotchwizard the Acrobat (level 22, -7/197 HPs)
             Began as a Merfolk Gladiator on Mar 8, 2017.
             Was a High Priest of Qazlal.
             Mangled by a death yak (23 damage)
             ... summoned by a spriggan berserker
             ... on level 4 of the Depths.
             The game lasted 02:19:29 (40536 turns).

Firecrotchwizard the Acrobat (Merfolk Gladiator)   Turns: 40536, Time: 02:19:31

Health: -7/197     AC: 37    Str: 16    XL:     22   Next: 26%
Magic:  30/30      EV: 30    Int: 11    God:    Qazlal [*****.]
Gold:   4138       SH: 15    Dex: 24    Spells: 21/21 levels left

rFire    . . .     SeeInvis .   L - +4 demon trident (elec)
rCold    + + .     Gourm    .   y - +6 scale mail of Dim Light {*Contam rElec Int+4 Slay+4}
rNeg     . . .     Faith    .   j - +1 buckler {reflect}
rPois    .         Spirit   .   p - +0 helmet
rElec    +         Reflect  +   E - +2 cloak {rC+}
rCorr    .         Harm     .   C - +1 pair of gloves
MR       ++...                  P - +2 pair of boots {Stlth+}
Stlth    +.........             o - amulet of regeneration
Regen    0.9/turn               i - ring of protection from magic
MPRegen  0.3/turn               S - ring of Erchug {+Inv rC+ AC+5}

@: protected from physical damage, repel missiles
A: change form in water, swift swim, stealthy swim, rugged brown scales 1
}: 2/15 runes: serpentine, barnacled
a: Upheaval, Elemental Force, Disaster Area, Renounce Religion, Evoke
Invisibility


You were on level 4 of the Depths.
You worshipped Qazlal.
Qazlal was extremely pleased with you.
You were not hungry.

You visited 7 branches of the dungeon, and saw 36 of its levels.
You also visited: Ice Cave and Volcano.

You collected 4522 gold pieces.
You spent 384 gold pieces at shops.

Inventory:

Hand Weapons
 L - a +4 demon trident of electrocution (weapon)
Missiles
 d - 7 throwing nets
 B - 77 tomahawks (quivered)
Armour
 j - a +1 buckler of reflection (worn)
 p - a +0 helmet (worn)
 y - the +6 scale mail of Dim Light (worn) {*Contam rElec Int+4 Slay+4}
   (You found it on level 12 of the Dungeon)

   It affects your intelligence (+4).
   It affects your accuracy and damage with ranged weapons and melee attacks
   (+4).
   It insulates you from electricity.
   It causes magical contamination when unequipped.
 C - a +1 pair of gloves (worn)
 E - a +2 cloak of cold resistance (worn)
 P - a +2 pair of boots of stealth (worn)
Jewellery
 i - a ring of protection from magic (right hand)
 o - an amulet of regeneration (around neck)
 r - an uncursed ring of protection from fire
 t - an uncursed ring of protection from cold
 N - an uncursed ring of positive energy
 S - the ring of Erchug (left hand) {+Inv rC+ AC+5}
   (You found it on level 1 of the Lair of Beasts)

   [ring of protection]

   It affects your AC (+5).
   It protects you from cold.
   It lets you turn invisible.
 T - the ring "Fevag" {rPois rN+ AC+2 Int+2 Dex-2 SInv}
   (You bought it in a shop on level 7 of the Dungeon)

   [ring of protection]

   It affects your AC (+2).
   It affects your intelligence (+2).
   It affects your dexterity (-2).
   It protects you from poison.
   It protects you from negative energy.
   It lets you see invisible.
 Y - a +4 amulet of reflection
Wands
 k - a wand of digging (12/24)
 G - a wand of disintegration (15/24)
 H - a wand of digging (18/24)
 O - a wand of disintegration (16/24)
 U - a wand of disintegration (18/24)
 W - a wand of lightning (12/15)
Scrolls
 a - 4 scrolls of fear
 b - 7 scrolls of fog
 c - 2 scrolls of silence
 e - a scroll of holy word
 l - 11 scrolls of recharging
 n - 8 scrolls of magic mapping
 q - 5 scrolls of amnesia
 u - a scroll of brand weapon
 x - 5 scrolls of blinking
 A - 13 scrolls of teleportation
 Q - 11 scrolls of remove curse
 R - 11 scrolls of identify
Potions
 g - 3 potions of magic
 h - 10 potions of lignification
 m - 7 potions of flight
 s - a potion of cancellation
 v - 7 potions of might
 w - 5 potions of agility
 D - 2 potions of berserk rage
 I - 5 potions of brilliance
 J - 2 potions of invisibility
Books
 M - a book of Battle

   Spells                             Type                      Level
   a - Infusion                       Charms                       1
   b - Shroud of Golubria             Charms/Translocation         2
   c - Song of Slaying                Charms                       2
   d - Spectral Weapon                Hexes/Charms                 3
   e - Regeneration                   Charms/Necromancy            3
Miscellaneous
 X - a lamp of fire
 Z - a sack of spiders
Comestibles
 f - 23 bread rations
 F - 10 meat rations


   Skills:
 + Level 20.9 Fighting
 - Level 14.2 Polearms
 - Level 2.0 Throwing
 + Level 15.6 Armour
 + Level 24.2 Dodging
 - Level 4.6 Shields
 - Level 10.8 Invocations
 - Level 7.9 Evocations


You had 21 spell levels left.
You didn't know any spells.

Dungeon Overview and Level Annotations

Branches:
Dungeon (15/15)            Temple (1/1) D:5            Lair (6/6) D:9
 Shoals (4/4) Lair:4        Snake (4/4) Lair:4        Slime (0/5) Lair:6
    Orc (2/2) D:11            Elf (0/3) Orc:2        Vaults (0/5) D:14
 Depths (4/5) D:15

Altars:
Ashenzari
Cheibriados
Dithmenos
Elyvilon
Fedhas
Gozag
Hepliaklqana
Kikubaaqudgha
Makhleb
Nemelex Xobeh
Okawaru
Qazlal
Ru
Sif Muna
Trog
Vehumet
Wu Jian
Xom
Yredelemnul
Zin
The Shining One
Beogh
Jiyva

Shops:
D:7 =   Orc:2 }[(}   Snake:1 =

Portals:
Hell: Depths:1 Depths:2
Abyss: Depths:1 Depths:2
Pandemonium: Depths:1 Depths:3
Trove: Depths:1 (give +2 fire dragon scales)

Annotations:
Depths:3 Mennas


Innate Abilities, Weirdness & Mutations

You revert to your normal form in water.
You are very nimble and swift while swimming.
You are very stealthy in the water. (Stealth+)
You are partially covered in rugged brown scales. (AC +1, +3% HP)


Message History

Attack whom?
Press: ? - help, Dir - move target cursor, f/p - spriggan air mage
Aim: a spriggan air mage, wearing a robe (heavily wounded, deflecting missiles)
You puncture the spriggan air mage!
The spriggan air mage is severely wounded.
The spriggan air mage misses you. The death yak gores you!!
* * * LOW HITPOINT WARNING * * *
You feel more protected from physical attacks.
The spriggan berserker is engulfed in blazing flames.
Attack whom?
Press: ? - help, Dir - move target cursor, f/p - spriggan air mage
Aim: a spriggan air mage, wearing a robe (severely wounded, deflecting missiles)
You impale the spriggan air mage!!
Lightning courses through the spriggan air mage!
You kill the spriggan air mage!
Qazlal accepts your kill.
The spriggan berserker is engulfed in freezing vapours.
You block the spriggan berserker's attack.
The death yak gores you!!
You die...

###########
##...(#@Y#.##..#.
+......ii).......
#.....C§§......i.
#.....))......?..
###...(.#########
#....(# ........
........#.
.........#.


You could see a stone giant, a death yak (berserk) and 2 spriggan berserkers.

Vanquished Creatures
  Bai Suzhen (Depths:1)
  Nikola (Depths:1)
  A golden dragon (Depths:3)
  Jorgrun (Depths:1)
  An Ice Fiend (IceCv)
  A titan (Depths:2)
  Asterion (Snake:2)
  A lich (Depths:4)
  3 krakens
  Frances (Snake:2)
  Donald (Lair:4)
  11 nagarajas
  4 frost giants (Depths:2)
  Ilsuiw (Shoals:4)
  An orc warlord (Orc:1)
  Louise (D:15)
  3 fire giants
  Aizul (Snake:4)
  4 very ugly things
  A vampire knight (Depths:1)
  5 stone giants
  The ghost of HitlerSphincter the Black Belt, a journeyman OpBe of Trog (Orc:2)
  Azrael (D:15)
  5 ettins
  12 merfolk impalers
  Snorg (Lair:6)
  2 yaktaur captains (Depths:2)
  A blizzard demon (Depths:1)
  5 fire dragons
  4 merfolk javelineers
  15 naga warriors
  2 great orbs of eyes (Depths:2)
  4 ice dragons
  2 rakshasas
  8 vault guards (D:14)
  Fannar (D:10)
  5 hydras
  A spriggan air mage (Depths:4)
  Erolcha (D:13)
  6 merfolk avatars
  2 catoblepae
  A death knight (D:12)
  10 merfolk aquamancers
  21 two-headed ogres
  2 satyrs
  10 anacondas
  5 centaur warriors
  An alligator snapping turtle (Shoals:2)
  5 deep troll shamans
  6 deep troll earth magi
  4 death yaks
  3 tengu warriors
  17 naga sharpshooters
  5 ogre magi
  A vampire mage (Depths:1)
  4 spriggan berserkers
  4 shock serpents
  An orc high priest (Orc:1)
  A deep elf knight (Orc:1)
  7 salamander mystics
  A fire crab (Lair:4)
  An iron troll (Depths:3)
  14 sea snakes
  A hell knight (Volcano)
  3 wizards
  22 deep trolls
  An infernal demonspawn (Depths:1)
  3 unseen horrors
  11 naga ritualists
  Pikel (D:7)
  20 mana vipers
  2 orc knights
  13 fauns
  A wolf spider (shapeshifter) (Depths:2)
  4 orc sorcerers
  32 harpies
  18 ugly things
  2 oklob plants (Lair:4)
  28 salamanders
  6 cyclopes
  An orb spider (Depths:2)
  6 deep elf magi
  18 elephants
  23 manticores
  A black mamba (shapeshifter) (Depths:2)
  16 guardian serpents
  22 naga magi
  51 black mambas
  An ice statue (IceCv)
  10 merfolk sirens
  4 water nymphs
  A torpor snail (Lair:6)
  13 spiny frogs
  A smoke demon (Depths:1)
  2 gargoyles
  A rime drake (shapeshifter) (Depths:2)
  2 freezing wraiths (D:12)
  11 komodo dragons
  3 anaconda simulacra (IceCv)
  13 yaktaurs
  5 rime drakes
  4 ice devils (IceCv)
  A redback zombie (D:15)
  A golden dragon simulacrum (IceCv)
  12 trolls
  6 wind drakes
  A polar bear (Lair:6)
  6 meliai
  4 tengu conjurers
  A queen bee (Lair:4)
  32 merfolk
  3 hornets
  Prince Ribbit (Lair:3)
  A merfolk (shapeshifter) (Depths:3)
  A wolf spider simulacrum (IceCv)
  5 dream sheep
  17 slime creatures
  A meliai zombie (D:10)
  14 hippogriffs
  5 snapping turtles
  23 water elementals
  30 blink frogs
  3 dire elephant simulacra (IceCv)
  2 redbacks (Depths:2)
  A fire elemental (D:15)
  A spriggan (D:11)
  A ynoxinul (Depths:1)
  A shadow (D:13)
  2 wraiths
  6 basilisks
  A hog (shapeshifter) (Depths:1)
  4 wyverns
  35 yaks
  A hungry ghost (D:11)
  2 steam dragons (Lair:4)
  7 vampire mosquitoes
  2 harpy simulacra (IceCv)
  3 iron troll simulacra (IceCv)
  A warg (shapeshifter) (Depths:2)
  2 wargs (Orc:2)
  2 acid dragons
  50 nagas
  A hydra simulacrum (IceCv)
  Duvessa (D:7)
  5 hell hounds (D:15)
  21 water moccasins
  7 porcupines
  2 sky beasts (D:13)
  3 slaves (D:7)
  A hornet zombie (D:13)
  2 eyes of draining
  27 orc warriors
  2 phantoms
  8 black bears
  An alligator simulacrum (IceCv)
  2 ettin simulacra (IceCv)
  37 ogres
  13 wolves
  14 boggarts
  2 ice beasts
  19 crocodiles
  11 centaurs
  18 bullfrogs
  A wyvern zombie (D:12)
  4 earth elementals (Depths:2)
  Dowan (D:7)
  5 scorpions
  An elephant simulacrum (IceCv)
  39 killer bees
  18 wights
  2 electric eels (Snake:3)
  7 crimson imps
  5 draconian simulacra (IceCv)
  A centaur zombie (D:7)
  3 centaur skeletons
  4 jellies
  29 orc wizards
  2 bullfrog skeletons
  A bullfrog zombie (D:11)
  A gnoll shaman (D:8)
  18 orc priests
  9 hounds
  2 iguanas (D:10)
  A spriggan simulacrum (IceCv)
  2 polar bear simulacra (IceCv)
  8 worker ants
  6 troll simulacra (IceCv)
  3 wolf simulacra (IceCv)
  A bullfrog simulacrum (D:12)
  3 centaur simulacra (IceCv)
  A hound zombie (D:10)
  A hound skeleton (D:6)
  A worker ant zombie (D:7)
  8 gnolls
  A howler monkey skeleton (D:4)
  3 naga simulacra (IceCv)
  13 adders
  4 shadow imps
  5 white imps (IceCv)
  6 ufetubi (IceCv)
  2 oozes
  4 worms
  3 dart slugs
  2 leopard geckos
  77 orcs
  4 giant cockroaches
  17 goblins
  19 hobgoblins
  15 jackals
  7 kobolds
  2 quokkas
  2 ball pythons (D:2)
  6 bats
  8 frilled lizards
  A jackal zombie (D:6)
  7 rats
  7 plants
  5 tentacles
1522 creatures vanquished.

Vanquished Creatures (collateral kills)
  A troll (Orc:2)
  A yak (Lair:4)
  2 killer bees (Lair:4)
  A plant (Lair:6)
5 creatures vanquished.

Vanquished Creatures (others)
  2 stone giants
  A naga warrior (Snake:4)
  A deep troll shaman (Depths:1)
  A deep troll earth mage (Depths:1)
  2 naga sharpshooters (Snake:4)
  A deep troll (Depths:1)
  A cyclops (D:11)
  2 naga magi (Snake:4)
  A guardian serpent (Snake:4)
  5 yaktaurs
  5 centaurs
  An orc wizard (D:13)
  A white imp (IceCv)
  An orc (D:10)
  5 bushes
  20 fungi
  13 plants
  7 tentacles
  A withered plant (Shoals:2)
71 creatures vanquished.

Grand Total: 1598 creatures vanquished

Notes
Turn   | Place    | Note
-------+----------+-------------------------------------------
     0 | D:1      | Firecrotchwizard the Merfolk Gladiator began the quest for the Orb.
     0 | D:1      | Reached XP level 1. HP: 16/16 MP: 1/1
    39 | D:1      | Reached skill level 5 in Polearms
   154 | D:1      | Reached XP level 2. HP: 16/22 MP: 2/2
   463 | D:1      | Reached XP level 3. HP: 27/27 MP: 3/3
   842 | D:2      | Reached XP level 4. HP: 30/33 MP: 4/4
  1232 | D:2      | Found an opulent altar of Gozag.
  1613 | D:3      | Reached XP level 5. HP: 35/38 MP: 5/5
  1949 | D:4      | Noticed an ogre
  1959 | D:4      | Killed an ogre
  1959 | D:4      | Reached XP level 6. HP: 36/44 MP: 6/6
  2256 | D:4      | Reached skill level 10 in Polearms
  2442 | D:4      | Reached XP level 7. HP: 50/50 MP: 7/7
  2700 | D:5      | Entered Level 5 of the Dungeon
  2701 | D:5      | Found a staircase to the Ecumenical Temple.
  2710 | Temple   | Entered the Ecumenical Temple
  3384 | D:6      | Reached XP level 8. HP: 43/56 MP: 8/8
  3706 | D:6      | Found a stormy altar of Qazlal.
  3711 | D:6      | Became a worshipper of Qazlal Stormbringer
  3808 | D:6      | Reached skill level 1 in Shields
  4070 | D:7      | Got a warped robe
  4081 | D:7      | Identified the +0 robe of the Thistle {-Tele rPois rF++ rCorr} (You found it on level 7 of the Dungeon)
  4254 | D:7      | Noticed a hippogriff
  4269 | D:7      | Killed a hippogriff
  4269 | D:7      | Reached skill level 5 in Dodging
  4269 | D:7      | Reached XP level 9. HP: 51/64 MP: 9/9
  4618 | D:7      | Noticed Duvessa
  4619 | D:7      | Noticed Dowan
  4648 | D:7      | Killed Duvessa
  4653 | D:7      | Killed Dowan
  5076 | D:7      | Found Rigikk's Jewellery Shop.
  5108 | D:7      | Reached skill level 6 in Dodging
  5231 | D:7      | Noticed Pikel
  5246 | D:7      | Killed Pikel
  5246 | D:7      | Reached skill level 5 in Fighting
  5246 | D:7      | Reached skill level 1 in Armour
  5562 | D:8      | Reached skill level 7 in Dodging
  5907 | D:8      | Reached * piety under Qazlal
  6064 | D:8      | Reached XP level 10. HP: 66/76 MP: 10/10
  6092 | D:8      | Found a snail-covered altar of Cheibriados.
  6157 | D:8      | Found a sacrificial altar of Ru.
  6190 | D:8      | Found a stormy altar of Qazlal.
  6190 | D:8      | Found an iron altar of Okawaru.
  6433 | D:8      | Reached skill level 8 in Dodging
  6805 | D:9      | Found a staircase to the Lair.
  7209 | D:9      | Reached skill level 9 in Dodging
  7302 | D:9      | Reached ** piety under Qazlal
  7555 | D:9      | Found a flagged portal.
  7677 | D:9      | Found a deep blue altar of Sif Muna.
  7680 | D:9      | Found a radiant altar of Vehumet.
  7683 | D:9      | Found a blossoming altar of Fedhas.
  7732 | D:10     | Entered Level 10 of the Dungeon
  7772 | D:10     | Noticed a two-headed ogre
  7791 | D:10     | Killed a two-headed ogre
  7804 | D:10     | Reached skill level 10 in Dodging
  8072 | D:10     | Noticed Fannar
  8102 | D:10     | Killed Fannar
  8102 | D:10     | Reached XP level 11. HP: 69/87 MP: 11/11
  8218 | D:10     | Reached skill level 5 in Armour
  8266 | D:10     | Noticed a manticore
  8287 | D:10     | Killed a manticore
  8914 | D:11     | Noticed a cyclops
  8938 | Lair:1   | Entered Level 1 of the Lair of Beasts
  8980 | Lair:1   | Reached skill level 11 in Dodging
  8995 | Lair:1   | Reached skill level 1 in Invocations
  9115 | D:7      | Bought the ring "Fevag" {rPois rN+ AC+2 Int+2 Dex-2 SInv} for 384 gold pieces
  9268 | Lair:1   | Reached *** piety under Qazlal
  9298 | Lair:1   | Noticed a death yak
  9300 | Lair:1   | Noticed a death yak
  9320 | Lair:1   | Killed a death yak
  9335 | Lair:1   | Killed a death yak
  9657 | Lair:1   | Got a crude lead ring
  9707 | Lair:1   | Identified the ring of Erchug {+Inv rC+ AC+5} (You found it on level 1 of the Lair of Beasts)
 10004 | Lair:2   | Reached XP level 12. HP: 97/97 MP: 15/15
 10071 | Lair:2   | Noticed a death yak
 10079 | Lair:2   | Reached skill level 10 in Fighting
 10079 | Lair:2   | Reached skill level 12 in Dodging
 10101 | Lair:2   | Killed a death yak
 10123 | Lair:2   | Reached skill level 5 in Invocations
 11155 | Lair:2   | Got a twisted ring mail
 11166 | Lair:2   | Identified the +5 ring mail of Disaster {Dex+4 Slay+2 SInv} (You found it on level 2 of the Lair of Beasts)
 11503 | Lair:3   | Found a shimmering altar of Xom.
 11612 | Lair:3   | Found a dark tunnel.
 11693 | Lair:3   | Reached skill level 13 in Dodging
 11798 | Lair:3   | Noticed Prince Ribbit
 11815 | Lair:3   | Killed Prince Ribbit
 11868 | Volcano  | Entered a volcano
 12121 | Volcano  | Reached XP level 13. HP: 69/106 MP: 18/18
 13153 | Lair:3   | Reached **** piety under Qazlal
 13950 | Lair:4   | Reached skill level 14 in Dodging
 13951 | Lair:4   | Found a staircase to the Shoals.
 14637 | Lair:4   | Reached ***** piety under Qazlal
 14851 | Lair:4   | Reached XP level 14. HP: 102/116 MP: 20/20
 14918 | Lair:4   | Found a staircase to the Snake Pit.
 15614 | Lair:5   | Identified a scroll of acquirement
 16314 | Lair:6   | Entered Level 6 of the Lair of Beasts
 16333 | Lair:6   | Noticed Snorg
 16361 | Lair:6   | Killed Snorg
 16648 | Lair:6   | Reached skill level 15 in Dodging
 16764 | Lair:6   | Reached skill level 10 in Invocations
 17275 | Lair:6   | Found a staircase to the Slime Pits.
 17275 | Lair:6   | Found a viscous altar of Jiyva.
 17590 | Lair:6   | Got a topaz-encrusted leather armour
 17601 | Lair:6   | Identified the +1 leather armour of the Bells {rF- Str+7 SInv} (You found it on level 6 of the Lair of Beasts)
 18563 | D:11     | Reached skill level 1 in Evocations
 18569 | D:11     | Found a staircase to the Orcish Mines.
 18573 | D:11     | Reached XP level 15. HP: 124/124 MP: 23/23
 19095 | D:12     | Reached skill level 16 in Dodging
 19129 | D:12     | Reached ****** piety under Qazlal
 19159 | D:12     | Got a heavily runed scale mail
 19170 | D:12     | Identified the +6 scale mail of Dim Light {*Contam rElec Int+4 Slay+4} (You found it on level 12 of the Dungeon)
 19849 | D:13     | Reached XP level 16. HP: 132/132 MP: 24/24
 20060 | D:13     | Noticed Erolcha
 20068 | D:13     | Killed Erolcha
 20609 | D:14     | Reached skill level 10 in Armour
 21377 | D:14     | Got an ichor-stained chain mail
 21388 | D:14     | Identified the +4 chain mail of the First Snow {+Fly rElec rC+ Stlth-} (You found it on level 14 of the Dungeon)
 21405 | D:14     | Gained mutation: You are partially covered in rugged brown scales. (AC +1, +3% HP) [mutagenic glow]
 21522 | D:14     | Found a gate to the Vaults.
 21811 | D:15     | Entered Level 15 of the Dungeon
 21826 | D:15     | Noticed Azrael
 21860 | D:15     | Killed Azrael
 22229 | D:15     | Noticed Louise
 22259 | D:15     | Killed Louise
 22259 | D:15     | Reached skill level 17 in Dodging
 23103 | D:15     | Reached XP level 17. HP: 144/144 MP: 25/25
 23156 | D:15     | Found a staircase to the Depths.
 23354 | Orc:1    | Entered Level 1 of the Orcish Mines
 23367 | Orc:1    | Reached skill level 15 in Fighting
 24160 | Orc:2    | Entered Level 2 of the Orcish Mines
 24168 | Orc:2    | Noticed HitlerSphincter's ghost (journeyman OpBe)
 24191 | Orc:2    | Killed HitlerSphincter's ghost
 24302 | Orc:2    | Reached skill level 18 in Dodging
 24784 | Orc:2    | Found a roughly hewn altar of Beogh.
 25004 | Orc:2    | Found a staircase to the Elven Halls.
 25217 | Orc:2    | Found Plog's Antique Armour Emporium.
 25218 | Orc:2    | Found Panwoimn's Gadget Shoppe.
 25224 | Orc:2    | Found Foexzyup's Gadget Shop.
 25233 | Orc:2    | Found Laofra's Weapon Emporium.
 25620 | Shoals:1 | Entered Level 1 of the Shoals
 25630 | Shoals:1 | Noticed Donald
 25655 | Lair:4   | Killed Donald
 26700 | Shoals:1 | Noticed a kraken
 26713 | Shoals:1 | Killed a kraken
 27020 | Shoals:1 | Reached skill level 19 in Dodging
 27229 | Shoals:2 | Reached XP level 18. HP: 141/155 MP: 17/26
 28585 | Shoals:3 | Found a frozen archway.
 28596 | IceCv    | Entered an ice cave
 28935 | IceCv    | Noticed an Ice Fiend
 28949 | IceCv    | Killed an Ice Fiend
 30163 | Shoals:4 | Entered Level 4 of the Shoals
 30165 | Shoals:4 | Noticed Ilsuiw
 30191 | Shoals:4 | Reached skill level 20 in Dodging
 30837 | Shoals:4 | Reached XP level 19. HP: 165/165 MP: 27/27
 30971 | Shoals:4 | Killed Ilsuiw
 31578 | Shoals:4 | Got a barnacled rune of Zot
 31726 | Snake:1  | Entered Level 1 of the Snake Pit
 32049 | Snake:1  | Found Siof Sic's Jewellery Shop.
 32166 | Snake:1  | Reached skill level 21 in Dodging
 32433 | Snake:2  | Noticed Frances
 32446 | Snake:2  | Killed Frances
 32834 | Snake:2  | Noticed Asterion
 32857 | Snake:2  | Killed Asterion
 32999 | Snake:2  | Found a runed door.
 34171 | Snake:3  | Reached XP level 20. HP: 177/177 MP: 28/28
 34840 | Snake:4  | Entered Level 4 of the Snake Pit
 34847 | Snake:4  | Reached skill level 22 in Dodging
 34852 | Snake:4  | Noticed Aizul
 35033 | Snake:4  | Killed Aizul
 36119 | Snake:4  | Reached XP level 21. HP: 131/187 MP: 29/29
 36286 | Snake:4  | Got a serpentine rune of Zot
 36586 | Depths:1 | Entered Level 1 of the Depths
 36620 | Depths:1 | Noticed Jorgrun
 36642 | Depths:1 | Killed Jorgrun
 36646 | Depths:1 | Reached skill level 23 in Dodging
 36822 | Depths:1 | Found a one-way gate leading to the halls of Pandemonium.
 36896 | Depths:1 | Noticed Nikola
 36909 | Depths:1 | Noticed Bai Suzhen
 36913 | Depths:1 | Killed Nikola
 36934 | Depths:1 | Killed Bai Suzhen
 37046 | Depths:1 | Found a one-way gate to the infinite horrors of the Abyss.
 37144 | Depths:1 | Found a portal to a secret trove of treasure.
 37170 | Depths:1 | Found a gateway to Hell.
 37741 | Depths:2 | Reached skill level 15 in Armour
 39335 | Depths:3 | Noticed Mennas
 39552 | Depths:3 | Reached XP level 22. HP: 63/197 MP: 24/30
 39891 | Depths:3 | Reached skill level 24 in Dodging
 40298 | Depths:3 | Noticed a golden dragon
 40315 | Depths:3 | Killed a golden dragon
 40536 | Depths:4 | Mangled by a death yak

Vault maps used:
D:1:      minmay_arrival_doors
D:2:      cheibrodos_greedy_goblins,
          nicolae_gozag_cash_rules_everything_around_me, first_bread
D:5:      dancing_weapons_uskayaw, minmay_temple_entry_large_hall, serial_shops,
          nicolae_shop_crystal
D:6:      grunt_qazlal_clouds
D:7:      serial_shops, nicolae_shop_crystal, uniq_pikel, uniq_duvessa
D:8:      chequers_temple_overflow_statue_of_worship
D:9:      grunt_temple_overflow_diamond, due_lair_maze_entry_diamond,
          enter_bailey_3
D:10:     uniq_fannar
D:11:     hiddenorc2_lemuel, the_bakery, nrook_guardian_serpent_ordinary
D:12:     minmay_blocky_corners, lightli_wizard_tower
D:13:     uniq_erolcha
D:14:     erik_vaults_2, minivault_23
D:15:     grunt_enter_depths_magical_seal, serial_park_paths, uniq_louise,
          uniq_azrael
Temple:   cyrus_circular_temple
Lair:1:   grunt_megastairs_3
Lair:2:   beast_lair_carwin_11
Lair:3:   nicolae_volcano_entry_lava_flow, basic_altar, serial_bayou_crossing,
          uniq_prince_ribbit2
Lair:4:   regret_index_harrowing_hell_hive, elwin_shoals_entry_rocks,
          dummy_snake_entry
Lair:6:   gammafunk_lair_ancient_temple, slime_altar_1,
          nicolae_quartered_pool_medium, minivault_26, uniq_snorg
Shoals:1: uniq_donald
Shoals:2: argonaut_gorgonesque
Shoals:3: portal_ice_cave_entry_pillars_three
Shoals:4: shoals_end_hangedman, shoals_ilsuiw_ice, nicolae_shoals_loop_pool
Snake:1:  serial_shops, shop, lemuel_fruit_tree
Snake:2:  grunt_ministairs_1, st_stairs_12, hangedman_snake_thin_pillar_pass,
          lightli_airlock, uniq_frances, uniq_asterion
Snake:3:  cheibrodos_snake_lava_hold, serial_bayou_shore_a
Snake:4:  johnstein_snake_rune_scales, serial_bayou_shore_b, uniq_aizul
Orc:1:    elf_legates
Orc:2:    st_orc_open, basic_altar, mines4_lemuel
Depths:1: nicolae_trove_entry_diagonal, hell_entry, abyss_entry,
          rand_demon_pan_entry_5, minmay_curled_crystal, item_on_display_a,
          uniq_nikola, uniq_bai_suzhen, uniq_jorgrun
Depths:2: cross_vault, minmay_staircase_statues, abyss_entry, hell_entry,
          hangedman_stitches_earthworm, grunt_megastairs_2
Depths:3: kennysheep_water_balloons, pan_entry, lightli_too_deep,
          eino_curves_03, infiniplex_staircase_spiral_double,
          serial_bayou_shore_b, uniq_mennas
Depths:4: evilmike_inaccessible_box, hell_entry, minmay_door_square,
          minmay_room_of_horrors, pan_entry,
          minmay_staircase_statues_hall_small, serial_bayou_shore_b
IceCv:    ice_cave_caverns_02
Volcano:  volcano_pools

Skill      XL: |  1  2  3  4  5  6  7  8  9 10 11 12 13 14 15 16 17 18 19 20 21 22 |
---------------+-------------------------------------------------------------------+-----
Polearms       | 5 6 8 9 11 13 14 | 14.2
Shields        | 3 4 |  4.6
Fighting       | 3 5 8 9 11 12 13 14 16 17 18 19 20 | 20.9
Dodging        | 5 7 10 11 13 14 15 16 17 19 20 21 22 23 24 | 24.2
Armour         | 2 4 6 7 8 9 10 11 12 13 14 15 | 15.6
Invocations    | 4 7 9 10 | 10.8
Evocations     | 1 6 7 |  7.9
Throwing       | |  2.0

Action                   |  1- 3 |  4- 6 |  7- 9 | 10-12 | 13-15 | 16-18 | 19-21 | 22-24 || total
-------------------------+-------+-------+-------+-------+-------+-------+-------+-------++-------
Melee: Trident           |   112 |   204 |   439 |   990 |  1436 |   534 |       |       ||  3715
       Tailslap          |       |       |       |       |     6 |    31 |    15 |       ||    52
       Demon trident     |       |       |       |       |       |  1360 |  2052 |   192 ||  3604
Throw: Throwing net      |       |     1 |       |       |       |       |       |       ||     1
       Tomahawk          |       |       |     7 |     4 |     4 |       |       |       ||    15
Invok: Upheaval          |       |       |       |     1 |       |     1 |       |       ||     2
       Elemental Force   |       |       |       |       |     1 |     1 |       |     1 ||     3
       Disaster Area     |       |       |       |       |     2 |     2 |     5 |     2 ||    11
  Use: Scroll            |       |       |    12 |    10 |    13 |     9 |     5 |       ||    49
       Potion            |       |       |       |     4 |     4 |     4 |     3 |    12 ||    27
 Stab: Petrified         |       |       |       |       |     1 |       |       |       ||     1
       Distracted        |       |       |       |       |       |     1 |     1 |       ||     2
  Eat: Chunk             |       |     5 |     6 |    14 |    11 |    12 |    10 |       ||    58
       Royal jelly       |       |       |     1 |     1 |     6 |    11 |     5 |       ||    24
       Fruit             |       |       |     1 |     2 |     4 |     1 |    11 |     4 ||    23
       Meat ration       |       |       |     1 |       |       |       |       |       ||     1
Armor: Leather armour    |    11 |       |       |       |       |       |       |       ||    11
       Ring mail         |     6 |    43 |    71 |   159 |   181 |       |       |       ||   460
       Scale mail        |       |       |       |       |     8 |   253 |   320 |    81 ||   662
Dodge: Dodged            |    51 |    99 |   137 |   477 |   675 |   811 |  1148 |   163 ||  3561
       Deflected         |       |       |       |       |     7 |    30 |    75 |     7 ||   119
Block: Buckler           |       |       |    44 |   431 |   748 |  1078 |  1098 |   164 ||  3563
       Reflection        |       |       |       |     7 |    23 |    88 |   102 |     9 ||   229
